 Dungeon Crawl Stone Soup version 0.22-a0-423-g4197694 (webtiles) character file.

112 Gaball the Poker (level 4, -5/35 HPs)
             Began as a Naga Gladiator on May 23, 2018.
             Was an Initiate of Hepliaklqana.
             Slain by an orc
             ... wielding a +0 war axe
              (9 damage)
             ... on level 3 of the Dungeon.
             The game lasted 00:04:01 (1922 turns).

Gaball the Poker (Naga Gladiator)                   Turns: 1922, Time: 00:04:01

Health: -5/35      AC:  3    Str: 18    XL:     4   Next: 93%
Magic:  4/4        EV: 11    Int:  8    God:    Hepliaklqana [......]
Gold:   61         SH:  0    Dex: 12    Spells: 3/3 levels left

rFire    . . .     SeeInvis +   a - +0 trident
rCold    . . .     Gourm    .   (no shield)
rNeg     . . .     Faith    .   b - +0 leather armour
rPois    +         Spirit   .   c - +0 helmet
rElec    .         Reflect  .   (no cloak)
rCorr    .         Harm     .   (no gloves)
MR       .....                  (no barding)
Stlth    +.........             (no amulet)
HPRegen  0.11/turn              l - +1 ring of evasion
MPRegen  0.09/turn              (no ring)

@: very slow
A: large, reduced essence, see invisible, deformed body, poison resistance,
slowness 2, slow metabolism 1, spit poison 1, AC +1
a: Spit Poison, Recall Ancestor, Ancestor Identity, Renounce Religion


You were on level 3 of the Dungeon.
You worshipped Hepliaklqana.
Hepliaklqana was noncommittal.
You were not hungry.

You visited 1 branch of the dungeon, and saw 3 of its levels.

You collected 61 gold pieces.

Inventory:

Hand Weapons
 a - a +0 trident (weapon)
Missiles
 d - 3 throwing nets (quivered)
Armour
 b - a +0 leather armour (worn)
 c - a +0 helmet (worn)
Jewellery
 l - a +1 ring of evasion (left hand)
 p - an uncursed ring of magical power {unknown}
 t - an uncursed ring of protection from cold {unknown}
Wands
 u - a wand of flame (29)
Scrolls
 i - 4 scrolls of identify {unknown}
 j - 2 scrolls of fear {unknown}
 s - a scroll of remove curse {unknown}
Potions
 e - a potion of haste {unknown}
 g - a potion of agility {unknown}
 h - a potion of heal wounds {unknown}
 k - a potion of degeneration {unknown}
 m - 2 potions of might {unknown}
 n - 3 potions of lignification {unknown}
 q - a potion of cancellation {unknown}
 r - a potion of curing {unknown}
Comestibles
 f - 4 rations


   Skills:
 - Level 2.0 Fighting
 + Level 5.4 Polearms
 - Level 1.7 Throwing
 - Level 2.4 Dodging


You had 3 spell levels left.
You didn't know any spells.
Your spell library was empty.

Dungeon Overview and Level Annotations

Branches:
Dungeon (3/15)

Altars:
Fedhas
Hepliaklqana
Qazlal
Xom


Innate Abilities, Weirdness & Mutations

You cannot wear boots.
Your serpentine skin is tough. (AC +1)
You have supernaturally acute eyesight. (SInv)
Armour fits poorly on your strangely shaped body.
Your system is resistant to poisons. (rPois)
You cover ground very slowly.
You have a slow metabolism.
You can spit poison.
Your life essence is reduced to manifest your ancestor. (-10% HP)


Message History

You puncture the orc priest!
The orc priest is almost dead.
The orc priest begins to cast a cantrip, but forgets the words!
The orc hits you with a war axe.
Rana hits the orc priest.
You completely miss the orc priest.
The orc priest is almost dead.
The orc priest mumbles some strange prayers to Beogh against you.
Pain shoots through your body!
* * * LOW HITPOINT WARNING * * *
The orc misses you.
Rana closely misses the orc priest.
You puncture the orc priest!
You kill the orc priest!
Rana hits the jackal.
An orc comes into view.
Rana hits the jackal.
The jackal dies!
The orc closely misses you.
Rana closely misses the rat.
Rana hits the orc.
The orc hits you with a war axe!
You die...

#..##### #.# #......# #.#
#......# #.#### #.#
#......# #.#... #.#
#......# ##..... #.#
#......# ....o. ####.#
#..#####
#....##....####..#
#....o..Ko@.....[#
..#....##.Rr.####........
........[....# #####.###
..#....####### .. #.... #
.?..... #######


You could see the friendly Rana the ancestor, 2 orcs, a kobold and a rat.

Vanquished Creatures
  An orc priest (D:3)
  2 adders (D:2)
  2 worms (D:2)
  4 dart slugs
  7 hobgoblins
  9 jackals
  9 kobolds
  6 bats (D:1)
  5 frilled lizards
  4 rats (D:2)
49 creatures vanquished.

Vanquished Creatures (collateral kills)
  2 jackals (D:3)
2 creatures vanquished.

Grand Total: 51 creatures vanquished

Notes
Turn   | Place    | Note
-------+----------+-------------------------------------------
     0 | D:1      | Gaball the Naga Gladiator began the quest for the Orb.
     0 | D:1      | Reached XP level 1. HP: 19/19 MP: 1/1
   115 | D:1      | Reached XP level 2. HP: 5/26 MP: 2/2
   517 | D:1      | Reached skill level 4 in Polearms
   729 | D:1      | Reached XP level 3. HP: 30/32 MP: 3/3
  1093 | D:2      | Noticed a fire elemental
  1100 | D:2      | Noticed an earth elemental
  1193 | D:2      | Found a stormy altar of Qazlal.
  1194 | D:2      | Noticed an air elemental
  1194 | D:2      | Noticed a water elemental
  1288 | D:2      | Reached XP level 4. HP: 21/39 MP: 4/4
  1459 | D:2      | Found a shimmering altar of Xom.
  1462 | D:2      | Found a blossoming altar of Fedhas.
  1611 | D:2      | Reached skill level 5 in Polearms
  1837 | D:2      | Found a hazy altar of Hepliaklqana.
  1845 | D:2      | Became a worshipper of Hepliaklqana the Forgotten
  1922 | D:3      | Slain by an orc

Vault maps used:
D:1:      minmay_arrival_doors, minmay_pentomino_p4
D:2:      nicolae_qazlal_style_of_elements, lemuel_coloured_pillars_altar,
          minitemple, serial_park_tiny_pond, kennysheep_generic_room_9
D:3:      uniq_ijyb

Skill      XL: |  1  2  3  4 |
---------------+-------------+-----
Polearms       | 4 5 |  5.4
Fighting       | |  2.0
Throwing       | |  1.7
Dodging        | |  2.4

Action                   |  1- 3 |  4- 6 || total
-------------------------+-------+-------++-------
Melee: Trident           |   117 |    60 ||   177
 Abil: Spit Poison       |     4 |       ||     4
  Eat: Chunk             |     1 |     2 ||     3
Armor: Leather armour    |    26 |    15 ||    41
Dodge: Dodged            |    63 |    25 ||    88

Table legend:
 A = Spawn XP
 B = Non-spawn XP
 C = Spawn XP percentage of total XP
 D = Spawn monster count
 E = Non-spawn monster count
 F = Spawn count percentage of total count
 G = Total turns spent on level
                    A         B        C        D         E        F      G
               +---------+---------+-------+---------+---------+-------+---------
         Total |       0 |     160 |   0.0 |       0 |      51 |   0.0 |  1922
               +---------+---------+-------+---------+---------+-------+---------
           D:1 |       0 |      44 |   0.0 |       0 |      24 |   0.0 |  1089
           D:2 |       0 |      69 |   0.0 |       0 |      23 |   0.0 |   789
           D:3 |       0 |      47 |   0.0 |       0 |       4 |   0.0 |    44
               +---------+---------+-------+---------+---------+-------+---------
